 Dungeon Crawl Stone Soup version 0.29.0-4-gdea44cf6ec (webtiles) character file.

Game seed: 8763009366908775158

1557 qw the Cleaver (level 8, 0/62 HPs)
             Began as a Demonspawn Cinder Acolyte on Sept 9, 2022.
             Was an Initiate of Ignis.
             Slain by a killer bee (3 damage)
             ... on level 7 of the Dungeon.
             The game lasted 00:02:40 (8024 turns).

qw the Cleaver (Demonspawn Cinder Acolyte)          Turns: 8024, Time: 00:02:41

Health: 0/62       AC:  8    Str: 21    XL:     8   Next: 58%
Magic:  9/9        EV:  7    Int: 15    God:    Ignis [......]
Gold:   318        SH:  4    Dex:  7    Spells: 9/9 levels left

rFire   + + +      SeeInvis .   Y - -1 hand axe (flame)
rCold   . . .      Faith    .   (no shield)
rNeg    . . .      Spirit   .   d - +0 chain mail
rPois   .          Reflect  .   (helmet restricted)
rElec   .          Harm     .   (no cloak)
rCorr   .          Rampage  .   (no gloves)
Will    .....                   (no boots)
Stlth   ..........              (no amulet)
HPRegen 0.20/turn               (no ring)
MPRegen 0.11/turn               (no ring)

@: lethally poisoned (0 -> -7), about to teleport
A: antennae 2, large bone plates 1, powered by pain 2, fire resistance 2, strong
1
a: Renounce Religion, Rising Flame


You were on level 7 of the Dungeon.
You worshipped Ignis.
Ignis was noncommittal.
You visited 1 branch of the dungeon, and saw 7 of its levels.
You also visited: Ossuary.

You collected 318 gold pieces.


Innate Abilities, Weirdness & Mutations

You have a pair of antennae on your head.
You are partially covered in large bone plates. (SH +4)
You sometimes gain power by taking damage.
Your flesh is very heat resistant. (rF++)
Your muscles are strong. (Str +4, Int/Dex -1)


   Skills:
 + Level 5.2 Fighting
 - Level 9.0 Axes
 - Level 1.4 Throwing
 - Level 2.0 Armour
 - Level 1.0 Dodging
 - Level 1.0 Spellcasting
 - Level 2.6 Fire Magic


You had 9 spell levels left.
You didn't know any spells.
Your spell library contained the following spells:

 Spells                   Type           Power      Damage    Failure   Level
 Scorch                   Fire           16%        2d5       77%         2

Inventory:

Hand Weapons
 Y - a -1 hand axe of flaming (weapon)
Missiles
 e - a boomerang (quivered)
Armour
 d - a +0 chain mail (worn)
Jewellery
 k - a ring of fire
Scrolls
 c - 8 scrolls of identify
Potions
 a - 5 potions of haste
 f - a potion of mutation

Dungeon Overview and Level Annotations

Branches:
Dungeon (7/15)             Temple (0/1) D:4         Ossuary (visited)

Altars:
Dithmenos
Gozag
Ru

Annotations:
D:3 2 transporters, qw's ghost, amateur MiBe


Message History

You feel sick.
You are no longer poisoned.
The killer bee stings you. x2
You hit the killer bee. You burn the killer bee.
The killer bee is lightly wounded.
The killer bee stings you.
The killer bee stings you but does no damage.
You closely miss the killer bee.
The killer bee is lightly wounded.
The killer bee stings you.
You closely miss the killer bee.
The killer bee is lightly wounded.
You block the killer bee's attack. The killer bee stings you.
You are poisoned.
The killer bee poisons you!
You closely miss the killer bee.
The killer bee is lightly wounded.
You feel sick.
The killer bee stings you but does no damage. x2
You hit the killer bee but do no damage.
The killer bee is lightly wounded.
The killer bee stings you.
You hit the killer bee. You burn the killer bee.
The killer bee is moderately wounded.
You hear the steady creaking of a very distant portcullis.
You feel sick. The killer bee stings you.
You are lethally poisoned!
The killer bee poisons you! The killer bee completely misses you.
8023 ||| READING scroll of teleportation.
As you read the scroll of teleportation, it crumbles to dust.
You feel strangely unstable.
You feel very sick. The killer bee barely misses you.
The killer bee stings you.
You hit the killer bee. You burn the killer bee.
Your punch misses the killer bee.
The killer bee is moderately wounded.
You feel sick.
The killer bee stings you but does no damage.
The killer bee stings you.
You die...

#. #.
## #. .
yy #.
y##
#.###y#
#...#y#
#.#.#@#
#...##
##.##
#.# #.#
#.#
###.###
#.....#
#.#.#.#


You could see 4 killer bees.

Vanquished Creatures
  Sigmund (D:5)
  An ogre (D:6)
  An ice beast (D:6)
  A centaur (D:6)
  3 elf zombies (Ossuary)
  2 scorpions
  3 wights (D:6)
  2 jellies
  2 hounds
  A gnoll bouda (D:7)
  An iguana (D:6)
  Ijyb (D:5)
  4 orc wizards
  3 mummies
  5 gnolls
  3 river rats (D:6)
  11 adders
  A shadow imp (D:4)
  A white imp (D:4)
  3 ufetubi
  2 adder zombies (Ossuary)
  3 dart slugs
  3 worms
  9 orcs
  5 ball pythons
  5 bats
  7 endoplasms
  4 giant cockroaches
  11 goblins
  3 hobgoblins
  3 quokkas
  3 frilled lizards (D:2)
  2 goblin zombies
  6 hobgoblin zombies (Ossuary)
  A jackal zombie (Ossuary)
  5 kobolds
  15 kobold zombies
  8 orc zombies (Ossuary)
  7 rats
  A rat zombie (Ossuary)
153 creatures vanquished.

Notes
Turn   | Place    | Note
-------+----------+-------------------------------------------
     0 | D:1      | qw the Demonspawn Cinder Acolyte began the quest for the
                  | Orb.
     0 | D:1      | Reached XP level 1. HP: 18/18 MP: 2/2
     0 | D:1      | 0 ||| qw: Version: 0.1-a-113-g051387a
     0 | D:1      | 0 ||| qw: Game counter: 7029
     0 | D:1      | 0 ||| qw: Always use a shield: true
     0 | D:1      | 0 ||| qw: God list: Okawaru
     0 | D:1      | 0 ||| qw: Allow faded altars: false
     0 | D:1      | 0 ||| qw: Do Orc after D:15 true
     0 | D:1      | 0 ||| qw: Do second Lair branch before Depths: true
     0 | D:1      | 0 ||| qw: Lair rune preference: random
     0 | D:1      | 0 ||| qw: Plans: Normal
     0 | D:1      | 0 ||| PLANNING D:1-11
    48 | D:1      | Found a faded altar of an unknown god.
    59 | D:1      | Reached skill level 3 in Axes
   149 | D:1      | Gained mutation: You sometimes gain a little power by
                  | taking damage. [demonic ancestry]
   149 | D:1      | Reached XP level 2. HP: 24/24 MP: 3/3
   269 | D:1      | 269 ||| INVOKING Fiery Armour.
   474 | D:1      | 474 ||| Stepping ~*~*~tactically~*~*~ (hiding).
   784 | D:1      | 784 ||| UPGRADING to +0 ring mail.
   794 | D:1      | 794 ||| DROPPING +0 robe.
   795 | D:1      | 795 ||| DROPPING +6 ring of intelligence.
   796 | D:1      | 796 ||| READING 2 scrolls labelled FAC ZUDEEREIT.
   797 | D:1      | 797 ||| READING scroll labelled RUREMOU GAPHOD.
   800 | D:1      | 800 ||| READING scroll labelled JUECAAH HUZON.
   901 | D:1      | 901 ||| READING scroll labelled KINARIMIAJ.
   902 | D:1      | 902 ||| DRINKING 2 amethyst potions.
   903 | D:1      | 903 ||| DRINKING 2 viscous orange potions.
   904 | D:1      | 904 ||| DROPPING scroll of noise.
   905 | D:1      | 905 ||| DROPPING potion of magic.
   906 | D:1      | 906 ||| DROPPING potion of flight.
  1127 | D:2      | Gained mutation: You are partially covered in large bone
                  | plates. (SH +4) [demonic ancestry]
  1127 | D:2      | Reached XP level 3. HP: 26/29 MP: 4/4
  1128 | D:2      | 1128 ||| FLEEEEING.
  1129 | D:2      | 1129 ||| FLEEEEING.
  1130 | D:2      | 1130 ||| FLEEEEING.
  1131 | D:2      | 1131 ||| FLEEEEING.
  1132 | D:2      | 1132 ||| FLEEEEING.
  1133 | D:2      | 1133 ||| STAIRDANCE
  1158 | D:1      | 1158 ||| READING scroll labelled LEQACH UNEU.
  1168 | D:2      | 1168 ||| Stepping ~*~*~tactically~*~*~ (stealth).
  1169 | D:2      | 1169 ||| Stepping ~*~*~tactically~*~*~ (stealth).
  1183 | D:2      | 1183 ||| Stepping ~*~*~tactically~*~*~ (stealth).
  1193 | D:2      | 1193 ||| Stepping ~*~*~tactically~*~*~ (stealth).
  1205 | D:2      | 1205 ||| Stepping ~*~*~tactically~*~*~ (stealth).
  1207 | D:2      | 1207 ||| Stepping ~*~*~tactically~*~*~ (stealth).
  1209 | D:2      | 1209 ||| Stepping ~*~*~tactically~*~*~ (stealth).
  1212 | D:2      | Reached skill level 4 in Axes
  1245 | D:2      | 1245 ||| FLEEEEING.
  1246 | D:2      | 1246 ||| FLEEEEING.
  1247 | D:2      | 1247 ||| FLEEEEING.
  1248 | D:2      | 1248 ||| FLEEEEING.
  1249 | D:2      | 1249 ||| FLEEEEING.
  1250 | D:2      | 1250 ||| FLEEEEING.
  1251 | D:2      | 1251 ||| FLEEEEING.
  1259 | D:2      | 1259 ||| FLEEEEING.
  1263 | D:2      | 1263 ||| FLEEEEING.
  1264 | D:2      | 1264 ||| FLEEEEING.
  1265 | D:2      | 1265 ||| FLEEEEING.
  1266 | D:2      | 1266 ||| FLEEEEING.
  1268 | D:2      | 1268 ||| Stepping ~*~*~tactically~*~*~ (hiding).
  1269 | D:2      | 1269 ||| Stepping ~*~*~tactically~*~*~ (hiding).
  1288 | D:2      | 1288 ||| INVOKING Fiery Armour.
  1338 | D:2      | 1338 ||| FLEEEEING.
  1737 | D:2      | 1737 ||| READING scroll labelled TOCRAE CAIMAI.
  1738 | D:2      | 1738 ||| DRINKING 2 lumpy coppery potions.
  1886 | D:3      | 1886 ||| Stepping ~*~*~tactically~*~*~ (stealth).
  1887 | D:3      | 1887 ||| Stepping ~*~*~tactically~*~*~ (stealth).
  1889 | D:3      | 1889 ||| INVOKING Fiery Armour.
  1898 | D:3      | 1898 ||| DRINKING potion of curing.
  1898 | D:3      | 1898 ||| (to cure confusion)
  1900 | D:3      | Gained mutation: You have a pair of small antennae on your
                  | head. [demonic ancestry]
  1900 | D:3      | Reached XP level 4. HP: 34/35 MP: 5/5
  2017 | D:3      | Reached skill level 5 in Axes
  2299 | D:3      | Reached skill level 1 in Dodging
  2421 | D:3      | Noticed a steam dragon
  2433 | D:3      | Found a transporter.
  2437 | D:3      | Noticed qw's ghost (amateur MiBe)
  2444 | D:3      | Found a transporter.
  2596 | D:3      | 2596 ||| UPGRADING to +0 chain mail.
  2606 | D:3      | 2606 ||| DROPPING +0 ring mail.
  2607 | D:3      | 2607 ||| READING scroll labelled RAUS DIMOTIASUEL.
  2748 | D:3      | 2748 ||| READING scroll labelled DIUSILLAOCS.
  2749 | D:3      | 2749 ||| READING 2 scrolls of identify.
  2749 | D:3      | 2749 ||| IDENTIFYING lumpy orange potion
  2750 | D:3      | 2750 ||| DROPPING potion of degeneration.
  2751 | D:3      | 2751 ||| READING 2 scrolls of teleportation.
  2766 | D:4      | Identified the +7 spear of Zofe {venom, +Blink Will+}
  2782 | D:4      | Gained mutation: You sometimes gain power by taking damage.
                  | [demonic ancestry]
  2782 | D:4      | Reached XP level 5. HP: 39/41 MP: 6/6
  2796 | D:4      | 2796 ||| INVOKING Fiery Armour.
  2797 | D:4      | Reached skill level 1 in Armour
  3096 | D:4      | 3096 ||| Stepping ~*~*~tactically~*~*~ (stealth).
  3168 | D:4      | Found an opulent altar of Gozag.
  3231 | D:4      | Reached XP level 6. HP: 36/47 MP: 7/7
  3232 | D:4      | 3232 ||| FLEEEEING.
  3233 | D:4      | 3233 ||| FLEEEEING.
  3234 | D:4      | 3234 ||| FLEEEEING.
  3235 | D:4      | 3235 ||| FLEEEEING.
  3236 | D:4      | 3236 ||| FLEEEEING.
  3237 | D:4      | 3237 ||| FLEEEEING.
  3384 | D:4      | 3384 ||| Stepping ~*~*~tactically~*~*~ (stealth).
  3385 | D:4      | 3385 ||| Stepping ~*~*~tactically~*~*~ (stealth).
  3386 | D:4      | 3386 ||| Stepping ~*~*~tactically~*~*~ (stealth).
  3389 | D:4      | 3389 ||| Stepping ~*~*~tactically~*~*~ (stealth).
  3452 | D:4      | Reached skill level 6 in Axes
  3556 | D:4      | Found a staircase to the Ecumenical Temple.
  3639 | D:4      | 3639 ||| READING 3 scrolls labelled VUNEVE WAOS.
  3640 | D:4      | 3640 ||| READING scroll labelled DEFAIS KAWK.
  3641 | D:4      | 3641 ||| READING 3 scrolls of identify.
  3641 | D:4      | 3641 ||| IDENTIFYING glowing purple potion
  3642 | D:4      | 3642 ||| READING 2 scrolls of identify.
  3642 | D:4      | 3642 ||| IDENTIFYING dark potion
  3643 | D:4      | 3643 ||| DROPPING 2 scrolls of butterflies.
  3644 | D:4      | 3644 ||| DROPPING potion of lignification.
  3650 | D:5      | Entered Level 5 of the Dungeon
  3650 | D:5      | Noticed Ijyb
  3651 | D:5      | 3651 ||| PLANNING OSSUARY
  3661 | D:5      | 3661 ||| INVOKING Fiery Armour.
  3668 | D:5      | Killed Ijyb
  3796 | D:5      | 3796 ||| FLEEEEING.
  3797 | D:5      | 3797 ||| FLEEEEING.
  3798 | D:5      | 3798 ||| STAIRDANCE
  3812 | D:4      | 3812 ||| FLEEEEING.
  3813 | D:4      | 3813 ||| FLEEEEING.
  3814 | D:4      | 3814 ||| FLEEEEING.
  3815 | D:4      | 3815 ||| FLEEEEING.
  3816 | D:4      | 3816 ||| STAIRDANCE
  3994 | D:5      | Found a sand-covered staircase.
  4098 | Ossuary  | Entered an ossuary
  4187 | Ossuary  | 4187 ||| INVOKING Fiery Armour.
  4223 | Ossuary  | Gained mutation: You have a pair of antennae on your head.
                  | [demonic ancestry]
  4223 | Ossuary  | Reached XP level 7. HP: 36/54 MP: 8/8
  4524 | Ossuary  | 4524 ||| DRINKING 2 sedimented orange potions.
  4524 | Ossuary  | Gained mutation: Your muscles are strong. (Str +4, Int/Dex
                  | -1) [potion of mutation]
  4524 | Ossuary  | Gained mutation: Your flesh is heat resistant. (rF+)
                  | [potion of mutation]
  4524 | Ossuary  | Gained mutation: Your flesh is very heat resistant. (rF++)
                  | [potion of mutation]
  4525 | Ossuary  | 4525 ||| DRINKING 3 red potions.
  4526 | Ossuary  | 4526 ||| DROPPING 2 potions of attraction.
  4541 | D:5      | 4541 ||| PLANNING D:1-11
  4562 | D:5      | Reached skill level 7 in Axes
  4563 | D:5      | 4563 ||| INVOKING Fiery Armour.
  4767 | D:5      | 4767 ||| Stepping ~*~*~tactically~*~*~ (stealth).
  4775 | D:5      | Reached skill level 1 in Throwing
  5046 | D:5      | Found a sacrificial altar of Ru.
  5047 | D:5      | Noticed Sigmund
  5048 | D:5      | 5048 ||| Stepping ~*~*~tactically~*~*~ (hiding).
  5054 | D:5      | 5054 ||| DRINKING potion of curing.
  5054 | D:5      | 5054 ||| (to cure confusion)
  5071 | D:5      | Killed Sigmund
  5491 | D:5      | 5491 ||| READING scroll labelled OQOAHYUSAHU.
  5516 | D:6      | 5516 ||| PLANNING SEWER
  5616 | D:6      | Reached skill level 8 in Axes
  5616 | D:6      | Reached XP level 8. HP: 49/60 MP: 9/9
  5621 | D:6      | 5621 ||| INVOKING Fiery Armour.
  5969 | D:6      | Found a shadowy altar of Dithmenos.
  6000 | D:6      | 6000 ||| INVOKING Fiery Armour.
  6132 | D:6      | 6132 ||| RIP SEWER
  6162 | D:6      | 6162 ||| PLANNING D:1-11
  6244 | D:6      | 6244 ||| INVOKING Fiery Armour.
  6493 | D:6      | 6493 ||| Stepping ~*~*~tactically~*~*~ (stealth).
  6827 | D:6      | 6827 ||| INVOKING Fiery Armour.
  7514 | D:7      | 7514 ||| STAIRDANCE
  7554 | D:7      | 7554 ||| STAIRDANCE
  7645 | D:7      | 7645 ||| STAIRDANCE
  7779 | D:7      | 7779 ||| INVOKING Fiery Armour.
  7784 | D:7      | Reached skill level 9 in Axes
  8022 | D:7      | HP: 10/62 [killer bee (6)]
  8023 | D:7      | 8023 ||| READING scroll of teleportation.
  8023 | D:7      | HP: 4/62 [killer bee (3)]
  8024 | D:7      | Slain by a killer bee

Levels and vault maps discovered:
D:1:      dpeg_arrival_short_road, layout_rooms,
          nicolae_ecumenical_snake_handling, item_on_display_a
D:2:      layout_rooms, minmay_split_cup_small
D:3:      layout_basic, mainiacjoe_overflow_alcove_1, gammafunk_ghost_arena,
          hangedman_decor_points, minmay_misc_feat_secret_circle
D:4:      layout_basic, nicolae_gozag_seed_capital,
          minmay_temple_entry_statues_pillars, minmay_fractal_squares_5
D:5:      layout_basic, nicolae_ru_awakened_eye, nicolae_ossuary_entry_giza,
          minmay_misc_feat_hallway, uniq_ijyb, uniq_sigmund
D:6:      layout_loops_corners, nicolae_dithmenos_shadow_blocks,
          gup_sewer_entry_bubbles, hangedman_decor_push
D:7:      layout_loops_cross, mainiacjoe_overflow_concentric_impassable,
          serial_shops, shop, enter_bailey_3, nicolae_shop_clearance

Skill      XL: |  1  2  3  4  5  6  7  8 |
---------------+-------------------------+-----
Axes           | 3 4 5 6 8 9 |  9.0
Dodging        | 1 |  1.0
Armour         | 1 2 |  2.0
Fighting       | 4 5 |  5.2
Throwing       | 1 |  1.4
Spellcasting   | |  1.0
Fire Magic     | |  2.6

Action                   |  1- 3 |  4- 6 |  7- 9 || total
-------------------------+-------+-------+-------++-------
Melee: Hand axe          |   110 |   194 |   260 ||   564
       Punch             |       |     3 |     3 ||     6
Throw: Boomerang         |     5 |    59 |    25 ||    89
Invok: Fiery Armour      |     3 |     3 |     6 ||    12
  Use: Scroll            |     6 |     8 |     2 ||    16
       Potion            |     4 |       |     3 ||     7
Armor: Robe              |    10 |       |       ||    10
       Ring mail         |    24 |    13 |       ||    37
       Chain mail        |       |    99 |    79 ||   178
Dodge: Dodged            |    53 |    58 |    78 ||   189
Block: Other             |     5 |    41 |    40 ||    86

Table legend:
 A = Non-vault XP
 B = Vault XP
 C = Vault XP percentage of total XP
 D = Non-vault monster count
 E = Vault monster count
 F = Vault count percentage of total count
                 A         B        C        D         E       F
            +---------+---------+-------+---------+---------+-------
      Total |    1462 |     763 |  34.3 |      92 |      61 |  39.9
            +---------+---------+-------+---------+---------+-------
        D:1 |      25 |       3 |  10.7 |      13 |       2 |  13.3
        D:2 |      35 |      16 |  31.4 |      19 |       3 |  13.6
        D:3 |     110 |       0 |   0.0 |      17 |       0 |   0.0
        D:4 |     252 |      62 |  19.7 |      15 |       7 |  31.8
        D:5 |     233 |     282 |  54.8 |      13 |       5 |  27.8
        D:6 |     755 |      49 |   6.1 |      13 |       6 |  31.6
        D:7 |      52 |       0 |   0.0 |       2 |       0 |   0.0
    Ossuary |       0 |     351 | 100.0 |       0 |      38 | 100.0
            +---------+---------+-------+---------+---------+-------
